 Dungeon Crawl Stone Soup version 0.26.0-20-g3ca415f5b8 (webtiles) character file.

Game seed: 12866108571196810972

36 kaeus the Firebug (level 3, -4/19 HPs)
             Began as a Gargoyle Fire Elementalist on Jan 24, 2021.
             Slain by a gnoll
             ... wielding a +0 whip
              (7 damage)
             ... on level 3 of the Dungeon.
             The game lasted 00:02:49 (1556 turns).

kaeus the Firebug (Gargoyle Fire Elementalist)      Turns: 1556, Time: 00:02:50

Health: -4/19      AC:  5    Str: 11    XL:     3   Next: 37%
Magic:  3/6        EV: 12    Int: 16    God:
Gold:   90         SH:  0    Dex: 10    Spells: 5/6 levels left

rFire    . . .     SeeInvis .   d - +0 short sword
rCold    . . .     Faith    .   (no shield)
rNeg     + . .     Spirit   .   a - +0 robe
rPois    ∞         Reflect  .   (no helmet)
rElec    +         Harm     .   (no cloak)
rCorr    .         Rampage  .   (no gloves)
Will     .....                  (no boots)
Stlth    ++........             (no amulet)
HPRegen  0.06/turn              k - ring of wizardry
MPRegen  0.10/turn              (no ring)

@: no status effects
A: negative energy resistance 1, electricity resistance, unbreathing,
petrification resistance, miasma immunity, AC +3
a: no special abilities


You were on level 3 of the Dungeon.
You visited 1 branch of the dungeon, and saw 3 of its levels.

You collected 90 gold pieces.

Inventory:

Hand Weapons
 d - a +0 short sword (weapon)
Armour
 a - a +0 robe (worn)
Jewellery
 k - a ring of wizardry (left hand)
Scrolls
 b - a scroll of identify {unknown}
 c - 2 scrolls of remove curse {unknown}
 e - a scroll of teleportation {unknown}
 h - a scroll of enchant armour {unknown}
 m - a scroll of fog {unknown}
Potions
 f - a potion of curing {unknown}
 g - a potion of mutation {unknown}
 i - a potion of haste {unknown}
 j - a potion of heal wounds {unknown}
 l - a potion of berserk rage {unknown}


   Skills:
 - Level 1.5 Dodging
 - Level 2.1 Stealth
 + Level 2.3 Spellcasting
 * Level 2.3 Conjurations
 * Level 3.5 Fire Magic


You had 5 spell levels left.
You knew the following spells:

 Your Spells              Type           Power        Failure   Level
a - Foxfire               Conj/Fire      44%          2%          1

Your spell library contained the following spells:

 Spells                   Type           Power        Failure   Level
 Conjure Flame            Conj/Fire      11%          8%          3
 Inner Flame              Hex/Fire       7%           12%         3
 Sticky Flame             Conj/Fire      11%          24%         4
 Fireball                 Conj/Fire      5%           52%         5


Dungeon Overview and Level Annotations

Branches:
Dungeon (3/15)

Altars:
Qazlal


Innate Abilities, Weirdness & Mutations

You are resistant to torment.
Your stone body is resilient. (AC +3)
You are immune to poison.
You resist negative energy. (rN+)
You are resistant to electric shocks. (rElec)
You can survive without breathing.
You are immune to petrification.
You are immune to miasma.


Message History

The gnoll shouts!
Casting: Foxfire (safe; 2% risk of failure)
Confirm with . or Enter, or press ? or * to list all spells.
Nothing appears to happen.
You hear a shout!
The gnoll hits you with a +0 whip! The gnoll hits you with a +0 club.
The gnoll hits you with a +0 whip.
You take 11 damage, and have 6/19 hp.
MASSIVE DAMAGE!!
You now have 3/6 mp.
You hit the gnoll.
The gnoll is lightly wounded.
The gnoll hits you with a +0 whip.
* * * LOW HITPOINT WARNING * * *
The gnoll hits you with a +0 club.
* * * LOW HITPOINT WARNING * * *
The gnoll barely misses you.
You take 3 damage, and have 3/19 hp.
You hit the gnoll but do no damage.
The gnoll is heavily wounded.
The gnoll hits you with a +0 whip!
You die...

## . ###.#
#g#.##
#@g..#
#g#..# #.#
....
##.#§#####
#<_....#
#[##.#.#
#.# .# #.#
# #(#


You could see 3 gnolls.

Vanquished Creatures
  A gnoll (D:3)
  An ooze (D:1)
  A worm (D:2)
  2 giant cockroaches (D:1)
  A goblin (D:2)
  3 hobgoblins (D:1)
  4 kobolds
  3 bats
  2 frilled lizards
  2 rats
20 creatures vanquished.

Vanquished Creatures (others)
  54 foxfires
54 creatures vanquished.

Grand Total: 74 creatures vanquished

Notes
Turn   | Place    | Note
-------+----------+-------------------------------------------
     0 | D:1      | kaeus the Gargoyle Fire Elementalist began the quest for
                  | the Orb.
     0 | D:1      | Reached XP level 1. HP: 10/10 MP: 3/3
   365 | D:1      | Reached XP level 2. HP: 15/15 MP: 1/5
  1284 | D:2      | Reached XP level 3. HP: 19/19 MP: 4/6
  1497 | D:2      | Noticed an ogre
  1508 | D:3      | Found a stormy altar of Qazlal.
  1556 | D:3      | Slain by a gnoll

Illustrated notes

Levels and vault maps discovered:
D:1:      eino_arrival_water_cross, layout_loops_corners,
          minmay_misc_feat_enclosed
D:2:      layout_basic
D:3:      layout_basic, overflow_temple_1_default

Skill      XL: |  1  2 |
---------------+-------+-----
Conjurations   | 2 |  2.3
Dodging        | |  1.5
Stealth        | |  2.1
Spellcasting   | |  2.3
Fire Magic     | |  3.5

Action                   || total
-------------------------++-------
Melee: Unarmed           ||     3
       Short sword       ||    18
 Cast: Foxfire           ||    41
Armor: Robe              ||     5
Dodge: Dodged            ||    11
